Workbook
Name lnkPreviousPhaseContractNotice: Base!$D$27

Sheet Base
A1: Presupuesto | B1: 7982616109 | D1: TRM | I1: 44631
A2: SMMLV (2024) | B2: =B1/B7 -> 7982.6161
A4: Códigos UNSPSC | B4: 81111800
A5: Salario Mínimo 2024 | B5: 1300000
A6: Salario Mínimo 2023 | B6: 1160000
A7: Salario Mínimo 2022 | B7: 1000000
A8: Salario Mínimo 2021 | B8: 908526 | K8: 1 | L8: SI
A9: Salario Mínimo 2020 | B9: 877803 | K9: 2 | L9: NO
A10: Salario Mínimo 2019 | B10: 828116 | K10: 3 | L10: DEBE SUBSANAR
A11: Salario Mínimo 2018 | B11: 781242 | K11: 4 | L11: RECHAZAR
A12: Salario Mínimo 2017 | B12: 737717 | K12: 5
A13: Salario Mínimo 2016 | B13: 689455
C15: Evaluación | D15: Revisión
A16: UT INFOHC MESA | B16: 1
A17: UT SERVICIOS TI 2024 | B17: 2
A18: UT AW TECNOLOGIA 2024 | B18: 3
A21: SECRETARIA DISTRITAL DE GOBIERNO
A22: Precio estimado total: | B22: =+B1 -> 7982616109
A23: Número del proceso | B23: SDG-LP-3-2024
A24: Título: | B24: SDG-LP-3-2024 (Presentación de oferta)
A25: Fase: | B25: Presentación de oferta
A26: Estado: | B26: Proceso en evaluación y observaciones
A27: Fase previa | B27: Presentación de observaciones | C27: Proceso relacionado
A28: Descripción: | B28: PRESTAR LOS SERVICIOS TÉCNICOS Y ESPECIALIZADOS DE ADMINISTRACIÓN, OPERACIÓN, SOPORTE Y MANTENIMIENTOS PREVENTIVOS Y CORRECTIVOS DE LA INFRAESTRUCTURA TECNOLÓGICA PARA LA OPERACIÓN DE LOS SERVICIOS INFORMÁTICOS Y DE TI QUE REQUIERA LA SECRETARÍA DISTRITAL DE GOBIERNO
A29: Tipo de proceso | B29: Licitación pública

Sheet Experiencia
A1: Proponente | B1: Certificación 1 | N1: Totales | O1: CONCLUSIÓN | R1: SI
A2: Proponente | B2: 1 Certificación aportada | J2: 2 RUP | R2: NO
B3: Certificación del contratante, contrato o acta de recibo final, o acta de liquidación o acta de recibo a satisfacción | C3: Celebrado, Ejecutado y Terminado | D3: Número y fecha de suscripción de Contrato | E3: Objeto | F3: Tiempo de ejecución - meses | G3: Valor del contrato | H3: Nombre de la entidad contratante | I3: Firma y cargo de quien certifica | J3: SMMLV | K3: Inscrito en RUP | L3: Código UNSPSC | M3: Código UNSPSC obligatorio 81111800 | N3: Sumatoria igual o superior a 9.788 SMMLV | O3: HABILITADO | P3: Observación | R3: DEBE SUBSANAR
A4: =Base!A16 -> UT INFOHC MESA | B4: MINISTERIO DEL TRABAJO | C4: Si | D4: N° 540 de 2017 Fecha: 10/11/2017 | E4: Suministrar y garantizar el correcto funcionamiento de la infraestructura tecnológica informática (hardware, software base y ofimática, centro de cómputo, redes, comunicaciones y sistemas de seguridad informático) instalada en Oficinas Centrales, Direcciones Territoriales y algunas Inspecciones Municipales del Ministerio del Trabajo a nivel Nacional. | F4: OCHO (8) MESES Y VEINTE (20) DIAS | G4: 11050000000 | H4: Ministerio del Trabajo NIT: 830.115.226-3 | I4: Luis Miguel Uribe | J4: 21216.21 | K4: RUP 96 / INFOTIC | N4: =SUM(J4:J8) -> 50264.74 | O4: SI
B5: MINISTERIO DE EDUCACIÓN NACIONAL | C5: Si | D5: N° 1362 de 2016 Fecha: 25/04/2016. | E5: Prestación de servicios para la operación tic del Ministerio de Educación Nacional necesarios para Soportar sus procesos y los de las secretarias de Educación, asegurar la continuidad en la operación TI, su Disponibilidad y rendimiento | F5: Ocho (08) meses y seis (06) días. | G5: 3307552198 | H5: Ministerio de Educación Nacional NIT. 899.999.001-7 | I5: Karen Ezpeleta Merchán Subdirectora de Contratación | J5: 21356.38 | K5: RUP 97 / INFOTIC SA | L5: 81111800 | M5: Si
B6: BOGOTA DISTRITO CAPITAL SECRETARIA DISTRAL DE GOBIERNO | C6: Si | D6: N° 979 de 2019 Fecha: 15/07/2019 | E6: Prestar los servicios técnicos y especializados de administración, operación, soporte y mantenimientos preventivos y correctivos de la infraestructura tecnológica para la operación de los servicios informáticos y de TI que requiera la Secretaría Distrital de Gobierno | F6: 13 MESES | G6: 1555555985 | H6: Bogotá Distrito Capital - Secretaría Distrital de Gobierno | I6: Daniel René Camacho Director Técnico de Contratación | J6: 1772.1 | K6: RUP 111 / HEIMCORE SAS | L6: 81111800 | M6: Si
B7: EMPRESA DE RECURSOS TECNOLOGICOS SA ERT ESP | C7: Si | D7: N° 300-26-10-009 Fecha: 15/01/2018 | E7: Prestación de servicios de outsourcing y operación de la mesa de servicios “MST” y sus componentes adicionales para la Agencia Nacional de Tierra. | F7: 11 MESES Y 15 DIAS | G7: 1765993386 | H7: Empresa de Recursos Tecnológicos SA - ESP | I7: Bernardo Sánchez Soto Secretario General | J7: 2169.1 | K7: RUP 32 / HEIMCORE SAS | L7: 81111800 | M7: Si
B8: STF GROUP SA | C8: Si | D8: Fecha: 1/03/2021 | E8: Prestar el servicio tercerizado de la operación, gestión y modernización de los servicios tecnológicos de la sociedad STF GROUP SA | F8: 36 MESES | G8: 4097678940 | H8: STF GROUP SAS NIT: 805.003.626-4 | I8: Alejandro Luna Gerente TI | J8: 3750.95 | K8: RUP 262 / HEIMCORE SAS | L8: 81111800 | M8: Si
A9: =+Base!A17 -> UT SERVICIOS TI 2024 | B9: Fondo Nacional del Ahorro | C9: Si | D9: No. 184 del 2020Fecha: 28/12/2020 | E9: Implementar tecnología de almacenamiento, recuperación y custodia de información estructurada y no estructurada para ambientes productivos y no productivos. | F9: 11 MESES | G9: 2941100959 | H9: FONDO NACIONAL DEL AHORRO NIT: 899.999.284-4 | I9: Luis Enrique Collante Jefe Oficina de Informática | J9: 3237.22 | K9: Rup 32 / Nevitech | N9: =SUM(J9:J12) -> 10670.595 | O9: SI
B10: Ministerio de Defensa Nacional | C10: Si | D10: N° 172/2019-MDN-UGG-DA Fecha: 15/01/2018 | E10: Prestación de servicios de mantenimiento integral y soporte para la infraestructura de TI del grupo SILOG de la Unidad de Gestión General | F10: 12 MESES | G10: 1.8691916e+09 | H10: Ministerio de Defensa Nacional NIT: 899.999.003-1 | I10: Jean Carlo Martínez Coordinador Grupo de Adquisiciones | J10: =2129.39*50% -> 1064.695 | K10: Rup 11 / Nevitech
B11: Secretaría General de la Alcaldía Mayor de Bogotá, D.C. | C11: Si | D11: No. 4204000-444-2020 Fecha: 28/04/2020 | E11: Prestar los servicios de mesa de ayuda, servicios de mantenimiento preventivo y correctivo con bolsa de repuestos, para los elementos informáticos en la RED CADE y las diferentes sedes de la secretaria general de la Alcaldía Mayor de Bogotá D.C. | F11: 10 MESES | G11: 1200662565 | H11: Secretaría General de la Alcaldía Mayor de Bogotá NIT: 899.999.061-9 | I11: Mario Alberto Chacón Dirctor de Contratación | J11: 1321.55 | K11: Rup 28 / Nevitech
B12: COLOMBIA TELECOMUNICACIONES S.A. ESP BIC | C12: Si | D12: OT N°32 Fecha: 18/04/2018 | E12: Suministro, instalación, Configuración, Puesta en Funcionamiento, Administración, Operación, Soporte y Mantenimiento de una herramienta de Supervisión del Rendimiento de las Aplicaciones y la Red, Cliente SENA. | F12: 2 MESES Y 12 DIAS | G12: 3943033000 | H12: Colombia Telecomunicaciones S.A. ESP BIC | I12: Olga María Castiblanco Parra Directora de Compras | J12: 5047.13 | K12: Rup 61 / Yeapdata
A13: =+Base!A18 -> UT AW TECNOLOGIA 2024 | B13: EMPRESA DE TELECOMUNICACIONES DE POPAYAN S.A. EMTEL E.S.P | C13: Si | D13: N° 059 de 2019 Fecha:05/02/2019 | E13: El contratista se obliga para con la empresa de telecomunicaciones de Popayan S.A EMTEL E.S.P, a prestar mantenimiento y soporte para la infraestructura de plantas electricas y UPS, servicio de administracion y soporte para servidores de alta disponibilidad Exalogic y almacenamiento. | F13: 11 MESES Y 20 DÍAS | G13: =12366390476.87*50% -> 6.1831952e+09 | H13: Empresa de Telecomunicaciones de Popayán NIT: 891.502.163-1 | I13: María Claudia Valdivieso Jefe Oficina Asesora Jurídica | J13: =14087.88*50% -> 7043.94 | K13: Rup 98 / APICOM | N13: =+J13+J14+J15+J17 -> 18137.43 | O13: SI
B14: EMPRESA DE TELECOMUNICACIONES DE POPAYAN S.A. EMTEL E.S.P | C14: Si | D14: N° 037 de 2020 Fecha:17/02/2020 | E14: El contratista se obliga para con la empresa de telecomunicaciones de Popayan S.A EMTEL E.S.P, a prestar mantenimiento y soporte para la infraestructura de plantas electricas y UPS, servicio de administracion y soporte para servidores de alta disponibilidad Exalogic y almacenamiento. | F14: 11 MESES Y 20 DÍAS | G14: =8635983767*50% -> 4.3179919e+09 | H14: Empresa de Telecomunicaciones de Popayán NIT: 891.502.163-1 | I14: María Claudia Valdivieso Jefe Oficina Asesora Jurídica | J14: =9505.48*50% -> 4752.74 | K14: Rup 112 / APICOM
B15: EMPRESA DE TELECOMUNICACIONES DE POPAYAN S.A. EMTEL E.S.P | C15: Si | D15: N° 172 de 2018 Fecha:22/08/2018 | E15: El contratista se obliga para con la empresa de telecomunicaciones de Popayan S.A EMTEL E.S.P, a prestar mantenimiento y soporte para la infraestructura de plantas electricas y UPS, servicio de administracion y soporte para servidores de alta disponibilidad Exalogic y almacenamiento. | F15: 5 MESES Y 9 DIAS | G15: =4556526971*50% -> 2.2782635e+09 | H15: Empresa de Telecomunicaciones de Popayán NIT: 891.502.163-1 | I15: María Claudia Valdivieso Jefe Oficina Asesora Jurídica | J15: =5502.28*50% -> 2751.14 | K15: Rup 97 / APICOM
B16: CORPORACION AUTONOMA REGIONAL DE CUNDINAMARCA | C16: Si | D16: No. 3245-2023 Fecha: 13/09/2023 | E16: Implementación del servicio de respuesta sobre eventos de seguridad en la infraestructura informática y áreas misionales de la CAR.. | F16: 3 MESES Y 15 DIAS | G16: 3475270050 | H16: Corporación Autónoma Regional de Cundinamarca – CAR NIT: 899.999.062-6 | I16: Jeison Jair González Líder Técnico Red Corporativa y Seguridad Informática Perimetral | J16: 2995.92 | K16: Rup 144 / WEXLER
B17: DEPARTAMENTO ADMINISTRATIVO NACIONAL DE ESTADISTICA | C17: Si | D17: N° CO1.PCCNTR.5242786 Fecha: 26/07/2023 | E17: Adquisición e implementación de un sistema de seguridad perimetral, de monitoreo de gestión de soporte, de administración, de análisis y reacción contra incidentes de seguridad para la red de datos del DANE | F17: 4 MESES | G17: 4163950700 | H17: DANE NIT: 899.999.027-8 | I17: Carlos Humberto Fajardo Coordinador Grupo Interno de Trabajo Area de Gestión de Compras Públicas | J17: 3589.61 | K17: Rup 149 / WEXLER
B18: DEPARTAMENTO ADMINISTRATIVO DE LA FUNCION PUBLICA | C18: Si | D18: N° 137-2023 Fecha: 16/05/2023 | E18: Contratar el servicio de monitoreo por suscripción con un Centro de Operación de Seguridad (SOC) que incluya un sistema de Gestión de Eventos e Información de Seguridad (SIEM) para Función Pública. | F18: 6 MESES | G18: 171189450 | H18: DAFP | I18: Cindy María Cubillos Coordinadora Grupo de Gestión Contractual | J18: 147.57 | K18: Rup 152 / WEXLER
A21: NOTA: | B21: Los contratos resaltados en amarillo no fueron tenidos en cuenta por el comité evaluador porque su objeto, ni sus actividades corresponden al objeto del presente proceso.
B25: MARIO ALEXANDER ORTIZ SALGADO Director de Tecnología e Información de la SDG - Miembro del comité evaluador. | E25: RUTH LADY ARIAS RODRIGUEZ Profesional especializado de la Dirección de Tecnologías e Información de la SDG - Miembro del comité evaluador
B30: DENIS ADRIANA ROA Profesional de la Dirección de Tecnologías e Información de la SDG - Miembro del comité evaluador | E30: JORGE HELÍ ESPITIA RUIZ Profesional de la Dirección de Tecnologías e Información de la SDG - Miembro del comité evaluador

Sheet RUP y Formatos
A1: Proponentes | B1: RUP | H1: Anexo 1 - Carta de presentación - Aval de la propuesta | M1: Carta Partner ARANDA | P1: Servicio de Mesa de Ayuda | S1: Anexo 3 - Relación de experiencia mínima del proponente | V1: Anexo 2 - Capacidad Técnica del Proponente | Y1: Anexo 12 - Servicios adicionales | AB1: Anexo 14 - Apoyo a la industria nacional | AF1: Anexo 15 - Incentivo personal con discapacidad | AI1: CONCLUSIÓN | AK1: SI
B2: Documento | C2: Fecha de Expedición | D2: RUP Miembro UT | E2: Verificación objeto social UT o sociedad - objeto del contrato | F2: Cumple | G2: Observación | H2: Documento | I2: CC | J2: TP / MP | K2: Cumple | L2: Observación | M2: Documento | N2: Cumple | O2: Observación | P2: Perfil | Q2: Cumple | R2: Observación | S2: Documento | T2: Cumple | U2: Observación | V2: Documento | W2: Cumple | X2: Observación | Y2: Documento | Z2: Presentó | AA2: Observación | AB2: Documento | AC2: Oferta | AD2: DOMICILIO | AE2: Observación | AF2: Documento | AG2: Oferta | AH2: Observación | AI2: HABILITADO | AJ2: Observación | AK2: NO
A3: =Experiencia!A4 -> UT INFOHC MESA | B3: 01-10-2024_RUP INFOTIC S.A (1) - INFOTIC 13. RUP OCTUBRE 07 DE 2024 - HEIMCORE | C3: 1 DE OCTUBRE DE 2024 (INFOTIC) 7 DE OCTUBRE DE 2024 (HEIMCORE) | D3: SI | E3: Si | F3: Si | G3: Cumple | M3: Cert_Fabricante_Aranda | N3: Si | O3: HEIMCORE SAS identificado con NIT 900.425.697-2, es Partner y distribuidor autorizado de Aranda Software con nivel de membresía Silver. | P3: Cesar Munevar | Q3: NO CUMPLE | R3: CESAR MUNEVAR Ingeniero de sistemas - Uni. El Bosque TP: 25255154854CND • Certificación ITIL4 Foundation o Superior (Vigente) • Certificación Aranda (junio 7, 2024). • Experiencia demostrable como implementador de proyectos de mesa de servicio de TI con Aranda Software en la versión de ASMS en los últimos tres (3) años, mínimo en cuatro (4) proyecto - no se puede validar fecha de la certifiación ni versionamiento de la herramienta. Tampoco presenta carta de compromiso del ingeniero relacionado. | S3: Anexo 3 - Experiencia | T3: Si | U3: Presentó | V3: Anexo 2 - Formulario - Compromiso Cumplimiento | W3: Si | X3: Presentó | AI3: =IF(F3="SI",IF(K3="SI",IF(#REF!="SI",IF(T3="SI",IF(W3="SI","SI","NO"),"RECHAZADA"),"NO"),"NO"),"NO") -> NO | AJ3: Subsanar Experiencia del Perfil requerido en la herramienta de Gestion de Servicio; asi como carta de compromiso, de acuerdo con el numeral 5. HERRAMIENTA DE GESTION DE SERVICIO del Anexo Técnico del proceso.
A4: =Experiencia!A9 -> UT SERVICIOS TI 2024 | B4: 6. RUP NEVITECH 7 OCTUBRE 2024.pdf 7. RUP YEAPDATA 02-10-2024.pdf | C4: 07/OCT-2024 (NEVITECH) 2 DE OCTUBRE DE 2024 (YEAPDATA) | D4: Si | E4: Si | F4: Si | G4: Cumple | M4: Certificación Yeapdata PARTNER SILVER ARANDA | N4: Si | O4: YEAPDATA SAS identificado con NIT 900311748-1, es Partner y distribuidor autorizado de Aranda Software con nivel de membresía Silver. | P4: N.A. | Q4: NO CUMPLE | R4: Ingeniero de sistemas, Electrónico, Telemática, Telecomunicaciones o carreras afines • Certificación ITIL4 Foundation o Superior (Vigente) • Certificación Aranda Service Management Suite (Vigente). • Experiencia demostrable como implementador de proyectos de mesa de servicio de TI con Aranda Software en la versión de ASMS en los últimos tres (3) años, mínimo en cuatro (4) proyecto | S4: FORMATO 3 EXP HABILITANTE.pdf | T4: Si | U4: Presentó | V4: ANEXO 2 FORMULARIO COMPROMISO CUMPLIMIENTO | W4: Si | X4: Presentó | AI4: =IF(F4="SI",IF(K4="SI",IF(#REF!="SI",IF(T4="SI",IF(W4="SI","SI","NO"),"RECHAZADA"),"NO"),"NO"),"NO") -> NO | AJ4: No se presenta perfil requerido para la herramienta de Gestión de Servicio ni carta de compromiso, de acuerdo con el numeral 5. HERRAMIENTA DE GESTION DE SERVICIO del Anexo Técnico del proceso.
A5: =+Experiencia!A13 -> UT AW TECNOLOGIA 2024 | B5: 5.2 REGISTRO UNICO DE PROPONENTES RUP.pdf | C5: 1 DE OCTUBRE DE 2024 (APICOM) 30 DE SEPTIEMBRE DE 2024 (WEXLER) | D5: SI | E5: Si | F5: Si | G5: Cumple | M5: CERTIFICACION ARANDA.pdf | N5: Si | O5: WEXLER con NIT 900.390.198-6, es Partner y distribuidor autorizado de Aranda Software con categoría SILVER | P5: N.A. | Q5: NO CUMPLE | R5: Ingeniero de sistemas, Electrónico, Telemática, Telecomunicaciones o carreras afines • Certificación ITIL4 Foundation o Superior (Vigente) • Certificación Aranda Service Management Suite (Vigente). • Experiencia demostrable como implementador de proyectos de mesa de servicio de TI con Aranda Software en la versión de ASMS en los últimos tres (3) años, mínimo en cuatro (4) proyecto | S5: ANEXO 3 FORMULARIO - RELACIÓN DE EXPERIENCIA MÍNIMA DEL PROPONENTE.pdf | T5: Si | U5: Presentó | V5: ANEXO 2 FORMULARIO – COMPROMISO DE CUMPLIMIENTO.pdf | W5: Si | X5: Presentó | AI5: NO | AJ5: No se presenta perfil requerido para la herramienta de Gestión de Servicio ni carta de compromiso, de acuerdo con el numeral 5. HERRAMIENTA DE GESTION DE SERVICIO del Anexo Técnico del proceso.
H7: Aval página 55
H8: Profesional
C9: MARIO ALEXANDER ORTIZ SALGADO Director de Tecnología e Información de la SDG - Miembro del comité evaluador. | F9: RUTH LADY ARIAS RODRIGUEZ Profesional especializado de la Dirección de Tecnologías e Información de la SDG - Miembro del comité evaluador | H9: indique de forma clara y expresa que avala la propuesta
H10: documento de identificación,
H11: copia de la tarjeta o matrícula profesional
C24: DENIS ADRIANA ROA Profesional de la Dirección de Tecnologías e Información de la SDG - Miembro del comité evaluador | F24: JORGE HELÍ ESPITIA RUIZ Profesional de la Dirección de Tecnologías e Información de la SDG - Miembro del comité evaluador

Sheet Resumen
B5: Proponente | C5: JURIDICA | D5: FINANCIERA | E5: EXPERIENCIA | F5: PRESENTACIÓN DE FORMATOS | G5: OFERTA ECONÓMICA | H5: HABILITADO
B6: =+Base!A16 -> UT INFOHC MESA | E6: HABILITADO | F6: NO CUMPLE | G6: N.A. | H6: NO HABILITADO
B7: =+Base!A17 -> UT SERVICIOS TI 2024 | E7: HABILITADO | F7: NO CUMPLE | G7: N.A. | H7: NO HABILITADO
B8: =+Base!A18 -> UT AW TECNOLOGIA 2024 | E8: HABILITADO | F8: NO CUMPLE | G8: N.A. | H8: NO HABILITADO
B10: =B5 -> Proponente | C10: Experiencia | D10: RUP y Formatos | E10: Económica
B11: =B6 -> UT INFOHC MESA | D11: ='RUP y Formatos'!AJ3 -> Subsanar Experiencia del Perfil requerido en la herramienta de Gestion de Servicio; asi como carta de compromiso, de acuerdo con el numeral 5. HERRAMIENTA DE GESTION DE SERVICIO del Anexo Técnico del proceso. | E11: =#REF! -> #REF!
B12: =B7 -> UT SERVICIOS TI 2024 | D12: ='RUP y Formatos'!AJ4 -> No se presenta perfil requerido para la herramienta de Gestión de Servicio ni carta de compromiso, de acuerdo con el numeral 5. HERRAMIENTA DE GESTION DE SERVICIO del Anexo Técnico del proceso. | E12: =#REF! -> #REF!
B16: MARIO ALEXANDER ORTIZ SALGADO Director de Tecnología e Información de la SDG - Miembro del comité evaluador. | E16: RUTH LADY ARIAS RODRIGUEZ Profesional especializado de la Dirección de Tecnologías e Información de la SDG - Miembro del comité evaluador
B31: DENIS ADRIANA ROA Profesional de la Dirección de Tecnologías e Información de la SDG - Miembro del comité evaluador | E31: JORGE HELÍ ESPITIA RUIZ Profesional de la Dirección de Tecnologías e Información de la SDG - Miembro del comité evaluador

Sheet Hoja1
A1: Proponentes | B1: ADSUM SOLUCIONES TECNOLÓGICAS SAS
A2: Puntaje Total | C2: 990
A3: Mayor número de agentes al mínimo solicitado | B3: Oferta | C3: 3
B4: Puntaje | C4: 170
A5: SOC | B5: Oferta (meses) | C5: 10
A6: Herramienta de analítica avanzada para monitoreo continuo predictivo | B6: Puntaje | C6: 170
A7: SOAR | B7: Oferta (horas) | C7: 10
A8: Horas adicionales de Especialistas (Seguridad de la información) | B8: Puntaje | C8: 170
A9: Reducción del valor de la hora de especialista (Oracle DBA)(Oracle Linux). | B9: Oferta (porcentaje reducción) | C9: 0.3
A10: Un (1) Especialista en seguridad (del equipo mínimo) | B10: Puntaje | C10: 40
A11: ANALISTA SOC Y SOAR | B11: Oferta (horas) | C11: 30
B12: Puntaje | C12: 50
A13: Apoyo a la Industria Nacional | B13: OFERTA | C13: SI
A14: Un (1) Especialista en Data Center y/o servidores y aplicativos | B14: Puntaje | C14: 100
A15: Incentivo Personal con Discapacidad | B15: Oferta (porcentaje reducción) | C15: NO
A16: Un (1) Especialista en seguridad (del equipo mínimo) | B16: Puntaje | C16: 0
A17: Propuesta Económica | B17: Puntaje | C17: 290
